 Dungeon Crawl Stone Soup version 0.20-a0-472-g5c05303 (webtiles) character file.

240 Amnesiac the Vexing (level 5, 0/35 HPs)
             Began as a Vampire Enchanter on Jan 14, 2017.
             Slain by a leopard gecko (4 damage)
             ... on level 3 of the Dungeon.
             The game lasted 00:04:58 (2103 turns).

Amnesiac the Vexing (Vampire Enchanter)             Turns: 2103, Time: 00:04:59

Health: 0/35       AC:  4    Str:  7    XL:     5   Next: 79%
Magic:  1/9        EV: 14    Int: 17    God:
Gold:   140        SH:  0    Dex: 16    Spells: 0/9 levels left

rFire  x . .     SeeInvis +     a - +1 dagger
rCold  + + +     Gourm    .     b - +0 robe
rNeg   + + +     Faith    .     (no shield)
rPois  ∞         Spirit   .     i - +1 helmet
rElec  .         Reflect  .     (no cloak)
rCorr  .         Harm     .     (no gloves)
MR     .....                    (no boots)
Stlth  +++++.....               (no amulet)
                                (no ring)
                                g - ring of ice

@: very slightly contaminated, bloodless, non-regenerating
A: fangs 3, see invisible, unbreathing
a: Bat Form


You were on level 3 of the Dungeon.
You were bloodless.

You visited 1 branch of the dungeon, and saw 4 of its levels.

You collected 140 gold pieces.

Inventory:

Hand Weapons
 a - a +1 dagger (weapon)
Missiles
 s - 7 curare-tipped needles
Armour
 b - a +0 robe (worn)
 i - a +1 helmet (worn)
Jewellery
 g - a ring of ice (left hand)
Wands
 k - a wand of acid (6/15)
Scrolls
 e - a scroll of fog {unknown}
 f - a scroll of magic mapping {unknown}
 j - 3 scrolls of immolation {unknown}
 m - a scroll of identify {unknown}
 o - a scroll of remove curse {unknown}
 p - a scroll of teleportation {unknown}
 q - 2 scrolls of fear {unknown}
 r - a scroll of enchant armour {unknown}
Potions
 d - 12 potions of blood
 h - a potion of ambrosia {unknown}
 l - a potion of curing {unknown}
 n - a potion of haste {unknown}
Books
 c - a book of Maledictions

   Spells                             Type                      Level
   a - Corona                         Hexes                        1
   b - Ensorcelled Hibernation        Hexes/Ice                    2
   c - Confuse                        Hexes                        3
   d - Tukima's Dance                 Hexes                        3
   e - Dazzling Spray                 Conjuration/Hexes            3


   Skills:
 + Level 2.6 Short Blades
 + Level 3.4 Dodging
 + Level 5.6 Stealth
 + Level 2.9 Spellcasting
 * Level 6.6 Hexes


You couldn't memorise any spells.
You knew the following spells:

 Your Spells              Type           Power        Failure   Level  Hunger
e - Confuse               Hex            ####....     4%          3    ###....
f - Corona                Hex            ####...      1%          1    #......
w - Tukima's Dance        Hex            ####....     4%          3    ###....
z - Ensorcelled Hibernat  Hex/Ice        ###...       10%         2    ##.....


Dungeon Overview and Level Annotations

Branches:
Dungeon (4/15)
 Temple: D:4-7

Altars:
Elyvilon
Sif Muna
Uskayaw
Xom
Zin


Innate Abilities, Weirdness & Mutations

You do not heal naturally.
You are immune to poison.
You have razor-sharp teeth.
You have supernaturally acute eyesight. (SInv)
You can survive without breathing.


Message History

Aim: a leopard gecko (clinging, chance to defeat MR: 67%)
You feel a surge of power!
You miscast Ensorcelled Hibernation.
You feel uncomfortably cold. The leopard gecko bites you.
* * * LOW HITPOINT WARNING * * *
Casting: Ensorcelled Hibernation
Confirm with . or Enter, or press ? or * to list all spells.
You don't have enough magic to cast that spell.
Casting: Ensorcelled Hibernation
Confirm with . or Enter, or press ? or * to list all spells.
You don't have enough magic to cast that spell.
You see here a bread ration.
The leopard gecko misses you.
A leopard gecko comes into view.
The leopard gecko hisses menacingly.
The leopard gecko bites you.
* * * LOW HITPOINT WARNING * * *
The leopard gecko closely misses you. The leopard gecko barely misses you.
The leopard gecko bites you.
You die...

#>..........l
#.....#####..
#..%>.#
#.....#
#.....###
#.......?.
#.########
#l# #@# #+#
.#### ......
......


You could see a leopard gecko.

Vanquished Creatures
  2 scorpions (D:4)
  Ijyb (D:1)
  A worker ant (D:4)
  Robin (D:2)
  2 gnolls (D:4)
  2 adders
  A worm (D:2)
  A dart slug (D:1)
  A leopard gecko (D:4)
  An orc (D:3)
  A ball python (D:1)
  3 bats
  2 giant cockroaches
  7 hobgoblins
  2 jackals (D:3)
  2 frilled lizards (D:3)
  7 goblins (D:2)
  3 rats
40 creatures vanquished.

Notes
Turn   | Place    | Note
-------+----------+-------------------------------------------
     0 | D:1      | Amnesiac the Vampire Enchanter began the quest for the Orb.
     0 | D:1      | Reached XP level 1. HP: 13/13 MP: 3/3
   374 | D:2      | Reached XP level 2. HP: 19/19 MP: 3/5
   378 | D:2      | Learned a level 2 spell: Ensorcelled Hibernation
   414 | D:2      | Noticed Ijyb
   421 | D:2      | Noticed Robin
   454 | D:1      | Killed Ijyb
   454 | D:1      | Reached skill level 5 in Hexes
   454 | D:1      | Reached XP level 3. HP: 19/24 MP: 0/6
   464 | D:1      | Learned a level 3 spell: Tukima's Dance
   551 | D:2      | Killed Robin
   652 | D:2      | Found a deep blue altar of Sif Muna.
   653 | D:2      | Found a white marble altar of Elyvilon.
   654 | D:2      | Found a glowing silver altar of Zin.
   852 | D:2      | Reached XP level 4. HP: 30/30 MP: 4/7
  1433 | D:4      | Reached skill level 5 in Stealth
  1433 | D:4      | Reached skill level 6 in Hexes
  1507 | D:4      | Reached XP level 5. HP: 35/35 MP: 8/8
  1905 | D:3      | Found a hide-covered altar of Uskayaw.
  1905 | D:3      | Found a shimmering altar of Xom.
  2018 | D:4      | Learned a level 3 spell: Confuse
  2103 | D:3      | Slain by a leopard gecko

Vault maps used:
D:1:      saegor_arrival_miasma
D:2:      grunt_temple_overflow_open, minmay_goblin_outpost, uniq_robin,
          uniq_iyjb
D:3:      amethyst_overflow_temple_binary
D:4:      first_bread, tso_altar

Skill      XL: |  1  2  3  4 |
---------------+-------------+-----
Hexes          | 5 6 |  6.6
Short Blades   | 2 |  2.6
Dodging        | 3 |  3.4
Stealth        | 5 |  5.6
Spellcasting   | |  2.9

Action                   |  1- 3 |  4- 6 || total
-------------------------+-------+-------++-------
Melee: Dagger            |    45 |    53 ||    98
       Bite              |     1 |     4 ||     5
 Cast: Corona            |     4 |       ||     4
       Ensorcelled Hiber |    11 |    21 ||    32
       Tukima's Dance    |       |     1 ||     1
 Abil: End Transformatio |       |     1 ||     1
       Bat Form          |       |     1 ||     1
 Stab: Sleeping          |     8 |    18 ||    26
Armor: Robe              |     9 |    12 ||    21
Dodge: Dodged            |    28 |    44 ||    72
